 Dungeon Crawl Stone Soup version 0.28.0-53-g5a82cb258f (webtiles) character file.

Game seed: 12481100443035113344

201 MiltankisOP the Cudgeller (level 5, -2/55 HPs)
             Began as an Ogre Gladiator on July 10, 2022.
             Slain by an iguana (6 damage)
             ... on level 4 of the Dungeon.
             The game lasted 00:03:04 (2484 turns).

MiltankisOP the Cudgeller (Ogre Gladiator)          Turns: 2484, Time: 00:03:05

Health: -2/55      AC:  3    Str: 18    XL:     5   Next: 79%
Magic:  5/5        EV: 10    Int:  9    God:
Gold:   167        SH:  0    Dex: 12    Spells: 4/4 levels left

rFire   . . .      SeeInvis .   i - +0 morningstar
rCold   . . .      Faith    .   (no shield)
rNeg    . . .      Spirit   .   b - +0 robe
rPois   .          Reflect  .   c - +0 hat
rElec   .          Harm     .   (no cloak)
rCorr   .          Rampage  .   (gloves unavailable)
Will    .....                   (boots unavailable)
Stlth   +.........              (no amulet)
HPRegen 0.18/turn               (no ring)
MPRegen 0.09/turn               (no ring)

@: no status effects
A: large, unfitting armour, tough skin 1
a: no special abilities


You were on level 4 of the Dungeon.
You visited 1 branch of the dungeon, and saw 4 of its levels.

You collected 167 gold pieces.

Inventory:

Hand Weapons
 a - a +0 flail
 i - a +0 morningstar (weapon)
Missiles
 d - 3 throwing nets (quivered)
Armour
 b - a +0 robe (worn)
 c - a +0 hat (worn)
Jewellery
 f - a ring of protection from fire
Scrolls
 g - 3 scrolls of brand weapon {unknown}
 h - 2 scrolls of enchant weapon {unknown}
 l - 3 scrolls of teleportation {unknown}
Potions
 e - a potion of cancellation
 j - a potion of haste {unknown}
 k - a potion of mutation {unknown}
 m - a potion of resistance {unknown}
 n - a potion of flight {unknown}


   Skills:
 + Level 4.9 Fighting
 * Level 4.9 Maces & Flails
 - Level 2.0 Throwing
 - Level 2.6 Dodging


You had 4 spell levels left.
You didn't know any spells.
Your spell library contained the following spells:

 Spells                   Type           Power      Damage    Failure   Level
 Shock                    Conj/Air       0%         1d3       38%         1
 Slow                     Hex            0%         N/A       38%         1
 Confusing Touch          Hex            0%         N/A       77%         3
 Swiftness                Air            0%         N/A       77%         3
 Vampiric Draining        Necr           0%         2d6       77%         3
 Airstrike                Air            0%         N/A       99%         4


Dungeon Overview and Level Annotations

Branches:
Dungeon (4/15)
 Temple: D:4-7

Altars:


Innate Abilities, Weirdness & Mutations

You are too large for most types of armour.
You have tough skin. (AC +1)


Message History

There is an open door here.
The hound bites you but does no damage.
You closely miss the hound. The hound bites you. The hound barely misses you.
You closely miss the hound. The hound bites you. x2
You barely miss the hound. The hound barely misses you.
The hound bites you but does no damage.
You hit the hound.
The hound is lightly wounded.
The hound closely misses you. The hound bites you.
You closely miss the hound.
The hound is lightly wounded.
The hound barely misses you.
You barely miss the hound.
The hound is lightly wounded.
The hound bites you.
* * * LOW HITPOINT WARNING * * *
The hound bites you but does no damage.
You barely miss the hound.
The hound is lightly wounded.
The hound bites you.
* * * LOW HITPOINT WARNING * * *
The hound barely misses you.
You sock the hound!
The hound is severely wounded.
The hound closely misses you. The hound bites you.
* * * LOW HITPOINT WARNING * * *
You barely miss the hound.
The hound is severely wounded.
The hound closely misses you. The hound bites you.
* * * LOW HITPOINT WARNING * * *
You hit the hound.
The hound is almost dead.
The hound bites you.
* * * LOW HITPOINT WARNING * * *
The hound bites you.
* * * LOW HITPOINT WARNING * * *
You sock the hound!
You kill the hound!
The iguana bites you.
You die...

#.# #.# ####.######.#####
####.##.#..........#
##.#...#.#.#......#.#
######.#......#.#.##.....#
#.....###.........##..#
#.####.#.#.##.#.####..#
##.#####^##.##.........#.##
#......####@####...<......#
#..###.# ##l## #.......#..#
#..# #.###...####.######..#
..... #.##.....###.# .#
##...# #.#.......##.###.##
.# #...#
#..........#.......
.........†.......'.......
##...#.##.........####....
. ... ##.......## .


You could see an iguana.

Vanquished Creatures
  A bullfrog zombie (D:4)
  2 hounds
  A hound skeleton (D:4)
  5 adders
  2 worms
  2 dart slugs
  7 orcs (D:3)
  2 ball pythons (D:1)
  5 bats (D:1)
  9 endoplasms
  2 giant cockroaches
  8 hobgoblins
  2 kobolds (D:1)
  A quokka (D:1)
  3 frilled lizards
  3 goblins
  6 rats
61 creatures vanquished.

Notes
Turn   | Place    | Note
-------+----------+-------------------------------------------
     0 | D:1      | MiltankisOP the Ogre Gladiator began the quest for the Orb.
     0 | D:1      | Reached XP level 1. HP: 22/22 MP: 1/1
    36 | D:1      | Reached XP level 2. HP: 24/31 MP: 2/2
   531 | D:1      | Reached XP level 3. HP: 31/37 MP: 3/3
   978 | D:2      | Reached XP level 4. HP: 10/48 MP: 4/4
   985 | D:2      | HP: 3/72 [poisoned by an adder]
  1813 | D:3      | Reached XP level 5. HP: 38/55 MP: 5/5
  1955 | D:3      | Found a faded altar of an unknown god.
  2484 | D:4      | Slain by an iguana

Illustrated notes

Levels and vault maps discovered:
D:1:      wander_arrival_peaceful_grave, layout_rooms
D:2:      layout_basic
D:3:      layout_basic, basic_ecumenical_altar
D:4:      layout_loops_corners, minmay_temple_entry_fiery, uniq_sigmund

Skill      XL: |  1  2  3  4 |
---------------+-------------+-----
Fighting       | 3 4 |  4.9
Maces & Flails | 3 4 |  4.9
Throwing       | |  2.0
Dodging        | |  2.6

Action                   |  1- 3 |  4- 6 || total
-------------------------+-------+-------++-------
Melee: Flail             |    72 |       ||    72
       Punch             |     1 |     1 ||     2
       Morningstar       |    18 |    96 ||   114
  Use: Potion            |       |     2 ||     2
 Stab: Sleeping          |     2 |       ||     2
Armor: Robe              |    29 |    19 ||    48
Dodge: Dodged            |    64 |    57 ||   121
